 Dungeon Crawl Stone Soup version 0.28-a0-8-g6e044cfa68 (webtiles) character file.

Game seed: 4543539119655187785

1402 Sin92 the Chopper (level 8, -2/62 HPs)
             Began as a Demonspawn Fighter on July 24, 2021.
             Slain by Pikel (20 damage)
             ... on level 5 of the Dungeon.
             The game lasted 00:07:00 (5962 turns).

Sin92 the Chopper (Demonspawn Fighter)              Turns: 5962, Time: 00:07:01

Health: -2/62      AC: 12    Str: 16    XL:     8   Next: 42%
Magic:  8/8        EV:  6    Int: 10    God:
Gold:   196        SH:  9    Dex: 15    Spells: 7/7 levels left

rFire   . . .      SeeInvis .   a - +1 war axe
rCold   . . .      Faith    +   c - +0 kite shield
rNeg    . . .      Spirit   .   d - +0 chain mail
rPois   .          Reflect  .   (helmet restricted)
rElec   .          Harm     .   (no cloak)
rCorr   .          Rampage  .   (no gloves)
Will    .....                   l - +0 pair of boots
Stlth   ..........              s - amulet of faith
HPRegen 0.20/turn               (no ring)
MPRegen 0.11/turn               (no ring)

@: no status effects
A: horns 1, molten scales 1, ignite blood 1
a: no special abilities


You were on level 5 of the Dungeon.
You visited 1 branch of the dungeon, and saw 5 of its levels.

You collected 196 gold pieces.

Inventory:

Hand Weapons
 a - a +1 war axe (weapon)
Missiles
 h - 8 curare-tipped darts (quivered)
 m - a throwing net
Armour
 c - a +0 kite shield (worn)
 d - a +0 chain mail (worn)
 l - a +0 pair of boots (worn)
Jewellery
 s - an amulet of faith (around neck)
Scrolls
 b - a scroll of silence
 e - a scroll of identify
Potions
 f - a potion of flight {unknown}
 g - 3 potions of heal wounds
 r - a potion of degeneration


   Skills:
 + Level 5.1 Fighting
 * Level 5.8 Axes
 + Level 4.7 Armour
 + Level 3.5 Dodging
 + Level 4.6 Shields


You had 7 spell levels left.
You didn't know any spells.
Your spell library contained the following spells:

 Spells                   Type           Power      Damage    Failure   Level
 Sublimation of Blood     Necr           0%         N/A       100%        2
 Wereblood                Tmut           0%         N/A       100%        2
 Ozocubu's Armour         Ice            0%         N/A       100%        3
 Metabolic Englaciation   Hex/Ice        0%         N/A       100%        5
 Simulacrum               Ice/Necr       0%         N/A       100%        6
 Summon Hydra             Summ           0%         N/A       100%        7


Dungeon Overview and Level Annotations

Branches:
Dungeon (5/15)
 Temple: D:4-7

Altars:

Shops:
D:1 [!   D:2 =

Annotations:
D:5 Pikel


Innate Abilities, Weirdness & Mutations

You have a pair of small horns on your head.
You are partially covered in molten scales. (AC +2)
Your demonic aura sometimes causes spilled blood to erupt in flames.


Message History

Pikel hits you but does no damage.
You hit Pikel.
Pikel is lightly wounded.
You block Pikel's attack.
You hit Pikel but do no damage. You headbutt Pikel, but do no damage.
Pikel is lightly wounded.
Pikel hits you with a +2 whip of electrocution.
Pikel hits you but does no damage.
You are electrocuted!!
You slash Pikel! You headbutt Pikel, but do no damage.
Pikel is heavily wounded.
You block Pikel's attack.
You closely miss Pikel.
Pikel is heavily wounded.
Pikel barely misses you.
You slash Pikel!
Pikel is severely wounded.
Pikel closely misses you.
Pikel hits you with a +2 whip of electrocution.
You hit Pikel.
Pikel is severely wounded.
Pikel hits you with a +2 whip of electrocution.
Unknown command.
You closely miss Pikel.
Pikel is severely wounded.
Pikel hits you with a +2 whip of electrocution.
Pikel hits you with a +2 whip of electrocution!
* * * LOW HITPOINT WARNING * * *
You barely miss Pikel.
Pikel is severely wounded.
Pikel barely misses you.
You closely miss Pikel. Your headbutt misses Pikel.
Pikel is severely wounded.
Pikel hits you but does no damage.
Your shield prevents you from hitting Pikel.
You headbutt Pikel, but do no damage.
Pikel is severely wounded.
Pikel hits you with a +2 whip of electrocution.
* * * LOW HITPOINT WARNING * * *
You are electrocuted!!
You die...

.# ##...##
>..#########...###
..........##.#...##
..#######....###..###
#.# ###.......... #.#
##.######## # #.#
#.### #..##5#####
#...## #..555K@.#
###..# ###.####.#
##.# #. #.# ####.##
#> ##.######.†...# #.
#.....##..#####
#..##........##
#.....[...####
#.........#
#.........#


You could see Pikel and 4 lemures.

Vanquished Creatures
  Edmund (D:4)
  2 ice beasts (D:5)
  2 ogres
  2 phantoms (D:5)
  A water moccasin skeleton (D:5)
  2 bullfrog zombies
  A jelly (D:4)
  3 orc priests
  5 hounds
  A bullfrog skeleton (D:4)
  2 iguanas (D:5)
  3 orc wizards
  10 gnolls
  4 adders
  5 worms
  A dart slug (D:2)
  13 orcs
  7 bats
  3 endoplasms
  2 giant cockroaches
  11 hobgoblins
  7 jackals
  6 quokkas
  7 ball pythons
  4 frilled lizards
  5 goblins
  3 kobolds
  5 rats
118 creatures vanquished.

Notes
Turn   | Place    | Note
-------+----------+-------------------------------------------
     0 | D:1      | Sin92 the Demonspawn Fighter began the quest for the Orb.
     0 | D:1      | Reached XP level 1. HP: 18/18 MP: 1/1
   378 | D:1      | Gained mutation: You are partially covered in molten
                  | scales. (AC +2) [demonic ancestry]
   378 | D:1      | Reached XP level 2. HP: 24/24 MP: 2/2
   516 | D:1      | Found Oxugochay's Distillery.
   801 | D:1      | Found Rowneu's Antique Armour Shoppe.
  1082 | D:1      | Found a faded altar of an unknown god.
  1219 | D:2      | Reached XP level 3. HP: 23/29 MP: 3/3
  1449 | D:2      | Reached skill level 1 in Dodging
  1839 | D:2      | Gained mutation: You have a pair of small horns on your
                  | head. [demonic ancestry]
  1839 | D:2      | Reached XP level 4. HP: 9/35 MP: 4/4
  2267 | D:2      | Found Tojaicew's Jewellery Shop.
  3014 | D:3      | Noticed an ogre
  3019 | D:3      | Reached XP level 5. HP: 34/41 MP: 5/5
  3028 | D:3      | Killed an ogre
  3647 | D:4      | Gained mutation: Your demonic aura sometimes causes spilled
                  | blood to erupt in flames. [demonic ancestry]
  3647 | D:4      | Reached XP level 6. HP: 32/48 MP: 6/6
  4143 | D:4      | Reached XP level 7. HP: 29/54 MP: 7/7
  4284 | D:4      | Noticed Edmund
  4326 | D:4      | Killed Edmund
  5120 | D:5      | Entered Level 5 of the Dungeon
  5202 | D:5      | Reached skill level 5 in Axes
  5367 | D:5      | Reached XP level 8. HP: 38/61 MP: 8/8
  5556 | D:5      | Reached skill level 5 in Fighting
  5934 | D:5      | Noticed Pikel
  5962 | D:5      | Slain by Pikel

Illustrated notes

Levels and vault maps discovered:
D:1:      wander_arrival_desolate, layout_loops_corners,
          hellmonk_ecumenical_altar_pennies_from_heaven, serial_shops,
          shop_statue, shop
D:2:      kennysheep_big_flooded_room, layout_rooms, serial_shops, shop,
          minmay_pentomino_w4
D:3:      layout_loops_ring, chequers_serial_rivers_micro_a
D:4:      layout_loops_corners, uniq_edmund
D:5:      layout_rooms, uniq_pikel

Skill      XL: |  1  2  3  4  5  6  7  8 |
---------------+-------------------------+-----
Axes           | 2 3 4 5 |  5.8
Dodging        | 1 2 3 |  3.5
Shields        | 3 4 |  4.6
Armour         | 3 4 |  4.7
Fighting       | 4 5 |  5.1

Action                   |  1- 3 |  4- 6 |  7- 9 || total
-------------------------+-------+-------+-------++-------
Melee: War axe           |    92 |   142 |   181 ||   415
       Headbutt          |       |    23 |    34 ||    57
  Use: Scroll            |     3 |       |     8 ||    11
       Potion            |     1 |     1 |     1 ||     3
Armor: Scale mail        |    64 |     2 |       ||    66
       Chain mail        |       |    80 |    90 ||   170
       Skin              |       |       |    14 ||    14
Dodge: Dodged            |    31 |    39 |    45 ||   115
Block: Kite shield       |    55 |    80 |   105 ||   240

Table legend: (Time is in decaauts)
 A = Elapsed time spent in this place.
 B = Non-inter-level travel time spent in this place.
 C = Inter-level travel time spent in this place.
 D = Time resting spent in this place.
 E = Time spent auto-exploring this place.
 F = Levels seen in this place.
 G = Mean time per level.
                   A        B        C        D        E       F      G
               +--------+--------+--------+--------+--------+-----+--------+
         Total |   6193 |   6122 |     71 |   1039 |   3995 |   5 | 1238.6 |
       Dungeon |   6193 |   6122 |     71 |   1039 |   3995 |   5 | 1238.6 |
               +--------+--------+--------+--------+--------+-----+--------+

Top non-repeatable levels by time:
     D:4: 1622 daAuts
     D:1: 1531 daAuts
     D:2: 1272 daAuts
     D:5: 893 daAuts
     D:3: 873 daAuts
